 Dungeon Crawl Stone Soup version 0.25.1-2-g60ff931df9 (webtiles) character file.

Game seed: 9474241900055208441

93 funkygono the Skirmisher (level 4, -10/37 HPs)
             Began as a Formicid Abyssal Knight on Dec 3, 2020.
             Was a Believer of Lugonu.
             Mangled by Crazy Yiuf
             ... wielding a +4 quarterstaff of chaos
              (14 damage)
             ... on level 2 of the Dungeon on Dec 4, 2020.
             The game lasted 00:04:48 (2181 turns).

funkygono the Skirmisher (Formicid Abyssal Knight)  Turns: 2181, Time: 00:04:49

Health: -10/37     AC:  9    Str: 18    XL:     4   Next: 91%
Magic:  5/5        EV: 15    Int: 11    God:    Lugonu [**....]
Gold:   138        SH:  0    Dex: 10    Spells: 3/3 levels left

rFire    . . .     SeeInvis +   a - +1 mace
rCold    . . .     Gourm    .   (no shield)
rNeg     . . .     Faith    .   j - +1 ring mail
rPois    .         Spirit   .   (helmet unavailable)
rElec    .         Reflect  .   (no cloak)
rCorr    .         Harm     .   m - +2 pair of gloves
MR       .....                  (no boots)
Stlth    +.........             (no amulet)
HPRegen  0.12/turn              (no ring)
MPRegen  0.09/turn              (no ring)

@: agile, lethally poisoned (-10 -> -24)
A: permanent stasis, dig shafts and tunnels, four strong arms, antennae 3
a: Dig, Shaft Self, Depart the Abyss, Bend Space, Renounce Religion


You were on level 2 of the Dungeon.
You worshipped Lugonu.
Lugonu was pleased with you.
You were not hungry.

You visited 1 branch of the dungeon, and saw 2 of its levels.
You visited the Abyss 1 time.

You collected 138 gold pieces.

Inventory:

Hand Weapons
 a - a +1 mace (weapon)
Missiles
 f - 27 poisoned darts (quivered)
 g - 58 stones
 o - 17 arrows
Armour
 b - a +0 leather armour
 j - a +1 ring mail (worn)
 m - a +2 pair of gloves (worn)
Jewellery
 q - an uncursed ring of protection from cold
Scrolls
 h - a scroll of identify {unknown}
 n - a scroll of remove curse {unknown}
Potions
 d - 2 potions of cancellation {unknown}
 e - a potion of invisibility {unknown}
 i - 2 potions of mutation {unknown}
 k - a potion of degeneration {unknown}
 l - a potion of ambrosia {unknown}
 p - 2 potions of stabbing {unknown}
 s - a potion of might {unknown}
Comestibles
 c - 6 rations
 r - 6 chunks of flesh


   Skills:
 + Level 3.7 Fighting
 + Level 3.5 Maces & Flails
 + Level 0.4 Throwing
 + Level 3.1 Armour
 + Level 1.0 Dodging
 + Level 0.6 Stealth
 + Level 2.2 Invocations


You had 3 spell levels left.
You didn't know any spells.
Your spell library was empty.

Dungeon Overview and Level Annotations

Branches:
Dungeon (2/15)

Altars:
Uskayaw
Xom
Zin

Annotations:
D:2 Crazy Yiuf


Innate Abilities, Weirdness & Mutations

You cannot be hasted, slowed, berserked, paralysed or teleported.
You can dig through walls and to a lower floor.
Your four strong arms can wield two-handed weapons with a shield.
You have a pair of large antennae on your head. (SInv)


Message History

You closely miss Crazy Yiuf.
Crazy Yiuf hits you with a +4 quarterstaff of chaos.
Crazy Yiuf freezes you. Crazy Yiuf closely misses you.
You barely miss Crazy Yiuf.
Crazy Yiuf hits you with a +4 quarterstaff of chaos.
Crazy Yiuf freezes you.
You hit Crazy Yiuf.
Crazy Yiuf is moderately wounded.
Crazy Yiuf closely misses you.
You closely miss Crazy Yiuf.
Crazy Yiuf is moderately wounded.
Crazy Yiuf hits you with a +4 quarterstaff of chaos!
* * * LOW HITPOINT WARNING * * *
You are lethally poisoned!
You hit Crazy Yiuf but do no damage.
Crazy Yiuf is moderately wounded.
* * * LOW HITPOINT WARNING * * *
You feel sick.
Crazy Yiuf hits you with a +4 quarterstaff of chaos!
You die...

#.....###..###########.##
#.....# ##.....# #..#
#.^...# #####.########.#
####### ###........)
########). ###♣♣♣♣♣ #.#
##..P)♣)♣♣♣ ### ########.#
##...P♣)♣))♣#)))# #........#
#....P.♣♣♣♣@g)).# #######...
#.....♣♣ ♣♣#)))# ####
#.###♣♣ ### # #.# # #.#
#.#################
#.##..............### #
#...................########
####..............#<.).>...#


You could see Crazy Yiuf.

Vanquished Creatures
  Terence (D:2)
  3 adders (D:2)
  An ooze (D:1)
  2 dart slugs (D:1)
  2 giant cockroaches
  4 goblins
  4 hobgoblins
  2 jackals (D:1)
  4 kobolds
  A quokka (D:2)
  2 bats (D:1)
  5 frilled lizards (D:1)
  3 rats
  2 fungi (D:2)
36 creatures vanquished.

Notes
Turn   | Place    | Note
-------+----------+-------------------------------------------
     0 | Abyss:1  | funkygono the Formicid Abyssal Knight began the quest for
                  | the Orb.
     0 | Abyss:1  | Reached XP level 1. HP: 18/18 MP: 2/2
    13 | Abyss:1  | Found a corrupted altar of Lugonu.
    17 | D:1      | Escaped the Abyss
   174 | D:1      | Reached XP level 2. HP: 12/24 MP: 3/3
   620 | D:1      | Reached ** piety under Lugonu
   794 | D:1      | Reached XP level 3. HP: 28/29 MP: 4/4
  1408 | D:2      | Found a glowing silver altar of Zin.
  1414 | D:2      | Found a hide-covered altar of Uskayaw.
  1419 | D:2      | Found a shimmering altar of Xom.
  1556 | D:2      | Reached XP level 4. HP: 17/37 MP: 3/5
  1556 | D:2      | Noticed Terence
  2105 | D:2      | Killed Terence
  2105 | D:2      | Reached skill level 1 in Dodging
  2166 | D:2      | Found a runed translucent door.
  2167 | D:2      | Noticed Crazy Yiuf
  2181 | D:2      | Mangled by Crazy Yiuf

Illustrated notes

Levels and vault maps discovered:
D:1:      eino_arrival_cavern_a, layout_basic
D:2:      layout_rooms, grunt_temple_overflow_diamond, uniq_crazy_yiuf_cottage,
          uniq_terence

Skill      XL: |  1  2  3  4 |
---------------+-------------+-----
Armour         | 3 |  3.1
Maces & Flails | 3 |  3.5
Dodging        | 1 |  1.0
Fighting       | |  3.7
Throwing       | |  0.4
Stealth        | |  0.6
Invocations    | |  2.2

Action                   |  1- 3 |  4- 6 || total
-------------------------+-------+-------++-------
Melee: Mace              |    80 |    57 ||   137
Throw: Dart              |     3 |       ||     3
Invok: Bend Space        |     1 |       ||     1
  Use: Scroll            |     5 |       ||     5
  Eat: Chunk             |     2 |     2 ||     4
Armor: Leather armour    |    13 |       ||    13
       Ring mail         |    18 |    15 ||    33
Dodge: Dodged            |    68 |    18 ||    86
